Map: Catalyst LE

Players

Daersk - Winner!

  • Race: Zerg Zerg
  • League: Gold
  • Spawn Location: 5:00

Jiblits

  • Race: Protoss Protoss
  • League: Gold
  • Spawn Location: 11:00

VOD

Have the link to the VOD?

Description

They never learn.

Time

  • Played on: May 10, 2018, 7:55 p.m.
  • Length: 16:44
Show
View Real Time Build Order
Export as new Build Order

Daersk Zerg - Winner!

Build Orders: Hatch First 

Get SALT Encoding   

  12  0:02  Drone  
  13  0:13  Overlord  
  13  0:23  Drone  
  14  0:38  Drone x2  
  16  0:51  Hatchery  
  15  0:59  Drone x2  
  15  1:02  Drone  
  18  1:21  Extractor  
  17  1:27  Spawning Pool  
  16  1:34  Drone x3  
  19  1:45  Overlord  
  19  2:06  Drone  
  20  2:14  Zergling x2  
  20  2:15  Zergling x4, Queen  
  23  2:16  Queen  
  27  2:25  Metabolic Boost  
  27  2:28  Drone x2  
  29  2:41  Zergling x4  
  29  2:42  Zergling x2  
  32  2:46  Drone  
  32  2:49  Drone  
  34  3:05  Hatchery  
  33  3:14  Overlord  
  33  3:15  Drone  
  33  3:16  Drone x2  
  36  3:29  Overlord  
  36  3:38  Pneumatized Carapace  
  38  3:50  Zergling x6  
  38  3:51  Drone  
  38  3:52  Drone x2  
  38  3:54  Drone  
  45  3:57  Lair  
  43  4:08  Evolution Chamber  
  43  4:09  Evolution Chamber  
  41  4:11  Drone x4  
  41  4:12  Drone x3  
  48  4:18  Extractor  
  48  4:19  Overlord, Drone  
  48  4:42  Drone x3  
  51  4:48  Drone x2  
  51  4:52  Extractor  
  52  4:53  Zerg Melee Weapons Level 1, Extractor  
  52  4:54  Zerg Missile Weapons Level 1  
  52  4:56  Queen  
  52  4:59  Queen x2  
  57  5:43  Drone  
  57  5:49  Baneling Nest  
  57  5:57  Drone x3  
  57  5:58  Drone x3  
  57  5:59  Drone x3, Hydralisk Den  
  57  6:00  Zergling x2  
  57  6:01  Overlord x3  
  66  6:33  Grooved Spines  
  66  6:35  Baneling  
  66  6:36  Baneling x4  
  66  6:41  Baneling  
  66  6:42  Baneling x3  
  66  7:03  Drone  
  66  7:06  Drone x5  
  66  7:07  Drone  
  71  7:38  Hydralisk  
  71  7:39  Hydralisk x7  
  71  7:41  Overlord  
  71  7:42  Overlord x5  
  87  7:44  Muscular Augments  
  87  7:57  Overlord x7  
  87  7:58  Overlord x3  
  87  8:02  Zerg Missile Weapons Level 2  
  87  8:06  Zerg Melee Weapons Level 2  
  87  8:14  Infestation Pit  
  87  8:18  Extractor  
  85  8:21  Extractor  
  81  8:50  Hydralisk x10  
  81  8:52  Zergling x8  
  81  8:53  Zergling x10  
  91  8:58  Hydralisk  
  91  8:59  Hydralisk  
  91  9:00  Zergling x14  
  95  9:04  Baneling  
  89  9:23  Zergling x8  
  89  9:24  Zergling x14  
  78  9:41  Drone x2  
  78  9:42  Drone  
  78  9:45  Drone x2  
  82  9:47  Drone x2  
  82  9:51  Queen  
  85  10:19  Drone x2  
  85  10:21  Drone x6  
  90  10:22  Drone x2, Zerg Ground Armor Level 1  
  90  10:23  Drone  
  90  10:28  Baneling x4  
  96  10:50  Hive  
  96  10:51  Centrifical Hooks  
  96  10:58  Hatchery  
  96  11:00  Hatchery  
  92  11:22  Zergling x32  
  92  11:23  Zergling x16  
  116  11:29  Hydralisk Den  
  115  11:33  Drone  
  116  12:11  Hydralisk x4  
  116  12:12  Hydralisk x13  
  142  12:30  Hydralisk  
  142  12:31  Hydralisk x11  
  158  12:38  Zerg Missile Weapons Level 3  
  158  12:42  Zerg Melee Weapons Level 3  
  158  12:49  Queen  
  158  12:50  Queen  
  158  12:51  Ultralisk Cavern  
  161  12:53  Drone x4  
  161  12:54  Drone x5  
  161  12:55  Drone  
  161  12:57  Hydralisk x7  
  161  12:58  Hydralisk x2  
  187  13:00  Overlord  
  187  13:05  Overlord x2  
  189  13:25  Overseer x5  
  189  13:32  Adrenal Glands  
  189  13:37  Chitinous Plating  
  127  14:21  Zergling x2  
  127  14:22  Zergling x16  
  127  14:23  Ultralisk  
  127  14:24  Ultralisk x5  
  139  14:39  Queen  
  139  14:42  Ultralisk  
  139  14:44  Zergling x2  
  139  14:45  Zergling x26  
  161  15:06  Baneling  
  161  15:07  Baneling x11  
  161  15:16  Extractor x2  
  159  15:32  Zergling x2  
  159  15:33  Zergling x44  
  159  15:34  Zergling x2  
  183  15:45  Drone x3  
  186  15:55  Zergling x2  
  186  15:56  Ultralisk x2  
Show
View Real Time Build Order
Export as new Build Order

Jiblits Protoss 

Build Orders: 1 Gate Expand, Colossus Rush 

Get SALT Encoding   

  12  0:01  Probe  
  13  0:13  Probe  
  14  0:19  Pylon  
  14  0:25  Probe  
  15  0:35  Probe  
  15  0:39  Gateway  
  16  0:43  Probe  
  17  0:50  Assimilator  
  17  0:52  Probe  
  18  0:59  Assimilator  
  18  1:05  Probe  
  19  1:17  Probe  
  20  1:36  Nexus  
  20  1:39  Probe  
  21  1:47  Pylon  
  21  1:49  Probe  
  22  1:57  Probe  
  22  2:05  Probe  
  23  2:09  Cybernetics Core  
  23  2:14  Pylon  
  24  2:17  Probe  
  25  2:29  Zealot  
  27  2:31  Nexus  
  27  2:45  Probe  
  27  2:46  Warp Gate  
  28  2:51  Stalker  
  28  2:55  Robotics Facility  
  30  3:12  Gateway  
  29  3:20  Adept  
  31  3:33  Shield Battery  
  31  3:36  Pylon  
  31  3:42  Immortal  
  31  3:43  Probe  
  31  3:44  Probe  
  37  3:56  Probe x2  
  39  4:03  Adept  
  39  4:08  Probe x2  
  43  4:15  Adept  
  45  4:20  Probe x2  
  45  4:22  Observer  
  48  4:31  Robotics Bay  
  48  4:34  Probe  
  48  4:35  Probe  
  50  4:42  Pylon, Probe  
  50  4:43  Observer, Probe  
  51  4:50  Probe  
  51  4:51  Probe  
  53  4:57  Adept  
  53  4:58  Adept  
  59  5:04  Warp Prism  
  61  5:15  Gateway  
  61  5:17  Gateway  
  61  5:20  Stalker x2  
  65  5:46  Pylon  
  65  5:48  Pylon  
  65  5:53  Colossus  
  65  5:57  Adept  
  65  5:58  Adept  
  65  6:00  Forge  
  75  6:04  Extended Thermal Lance  
  75  6:05  Pylon, Probe x2  
  75  6:08  Twilight Council  
  75  6:10  Assimilator  
  77  6:13  Assimilator  
  77  6:17  Probe x2  
  79  6:27  Gateway, Sentry  
  79  6:29  Gateway  
  79  6:30  Zealot x2  
  85  6:37  Protoss Ground Weapons Level 1  
  85  6:49  Colossus  
  91  7:13  Zealot  
  93  7:19  Pylon  
  93  7:22  Pylon  
  93  7:25  Pylon  
  93  7:27  Pylon  
  93  7:29  Pylon  
  93  7:33  Nexus  
  93  7:35  Pylon  
  86  7:58  Photon Cannon  
  86  8:00  Photon Cannon  
  86  8:02  Pylon, Stalker x2  
  86  8:03  Stalker x2  
  94  8:18  Colossus  
  84  9:01  Probe x3  
  85  9:03  Stalker x4  
  93  9:13  Probe x3  
  82  9:25  Probe x2  
  82  9:28  Colossus  
  58  9:48  Probe x3  
  61  9:57  Protoss Ground Weapons Level 2  
  61  10:00  Probe x2  
  63  10:12  Sentry x3  
  63  10:13  Dark Shrine  
  69  10:14  Colossus  
  75  10:33  Probe x2  
  75  10:34  Probe  
  75  10:41  Probe x2  
  75  10:42  Probe  
  78  10:46  Adept x2  
  85  10:51  Probe  
  85  10:52  Probe  
  85  10:53  Probe  
  88  10:59  Adept  
  88  11:00  Adept x2  
  88  11:03  Probe  
  88  11:04  Probe  
  96  11:05  Probe  
  89  11:20  Probe x2  
  89  11:23  Probe  
  89  11:24  Resonating Glaives  
  92  11:28  Probe x2  
  94  11:35  Probe  
  94  11:36  Colossus  
  94  11:37  Probe x2  
  103  11:47  Probe  
  103  11:49  Probe  
  103  11:50  Probe  
  106  11:55  Dark Templar  
  106  11:58  Dark Templar  
  106  11:59  Probe  
  111  12:02  Probe x2  
  111  12:08  Dark Templar x2  
  117  12:09  Archon  
  117  12:11  Probe  
  117  12:12  Archon  
  117  12:14  Probe x2  
  117  12:15  Dark Templar x2  
  122  12:23  Probe  
  103  12:32  Probe x2  
  103  12:36  Probe  
  106  12:43  Dark Templar x2  
  110  12:44  Probe  
  110  12:45  Probe, Archon  
  110  12:47  Archon  
  110  12:48  Probe  
  113  12:56  Probe  
  113  12:57  Probe  
  115  12:59  Dark Templar x3  
  115  13:00  Probe  
  115  13:01  Dark Templar  
  115  13:03  Archon  
  124  13:05  Archon  
  124  13:09  Probe x2  
  124  13:12  Probe  
  127  13:25  Probe x3  
  130  13:31  Assimilator  
  130  13:35  Assimilator  
  130  13:37  Probe x3  
  132  13:41  Zealot  
  132  13:43  Adept  
  132  13:45  Sentry x2  
  132  13:46  Sentry  
  142  13:49  Nexus, Probe x2  
  142  13:50  Probe  
  142  13:52  Zealot  
  147  14:01  Probe x2  
  147  14:02  Probe  
  124  14:13  Probe  
  73  14:25  Dark Templar  
  73  14:26  Dark Templar x2  
  73  14:27  Zealot x3  
  77  14:35  Protoss Ground Armor Level 1  
  77  14:36  Pylon  
  76  14:39  Pylon  
  76  14:41  Assimilator  
  76  14:45  Assimilator  
  76  14:52  Gateway  
  76  14:54  Gateway  
  76  14:57  Gateway, Probe  
  76  14:58  Probe x2  
  79  15:00  Gateway  
  79  15:02  Gateway  
  79  15:06  Dark Templar x2  
  83  15:08  Zealot x2  
  83  15:09  Archon  
  83  15:10  Probe x3, Archon  
  90  15:15  Colossus  
  90  15:22  Probe x3  
  99  15:34  Probe x2  
  101  15:58  Zealot x3  
  101  15:59  Zealot x7  
  101  16:00  Zealot  
Tags
 
Add a new tag
Caveats
  • Supply blocks, unpowered buildings, or Contaminate may cause inaccurate times.
  • Supply counts are checked every 10 seconds.